 Dungeon Crawl Stone Soup version 0.25.0-11-g1f837a76a1 (webtiles) character file.

Game seed: 17346687329596003086

14250 MisterFreud the Cleaver (level 12, -4/113 (115) HPs)
             Began as a Hill Orc Air Elementalist on June 27, 2020.
             Was an Elder of Beogh.
             Engulfed by a torpor snail (glowing shapeshifter)'s foul pestilence (8 damage)
             ... in a Gauntlet.
             The game lasted 00:57:45 (18665 turns).

MisterFreud the Cleaver (HOAE)                     Turns: 18665, Time: 00:57:45

HP:   -4/113 (115)  AC: 19    Str: 16    XL:     12   Next: 14%
MP:   16/16         EV:  8    Int: 15    God:    Beogh [****..]
Gold: 384           SH:  0    Dex: 11    Spells: 13/14 levels left

rFire    . . .     SeeInvis +   a - +5 hand axe
rCold    . . .     Gourm    .   A - +0 buckler
rNeg     . . .     Faith    .   Q - +3 chain mail
rPois    .         Spirit   .   g - +2 hat
rElec    .         Reflect  .   y - +0 cloak
rCorr    +         Harm     .   (no gloves)
MR       .....     NoTele   +   w - +0 pair of boots
Stlth    ..........             (no amulet)
HPRegen  0.28/turn              R - ring of resist corrosion (curse)
MPRegen  0.15/turn              J - ring of see invisible

@: confused, mighty, lethally poisoned (-4 -> -47), very slightly contaminated,
slowed, very slow
A: no striking features
a: Smiting, Recall Orcish Followers, Renounce Religion


You were in a Gauntlet.
You worshipped Beogh.
Beogh was greatly pleased with you.
You were not hungry.

You visited 3 branches of the dungeon, and saw 15 of its levels.
You also visited: Gauntlet.

You collected 852 gold pieces.
You spent 468 gold pieces at shops.

Inventory:

Hand Weapons
 a - a +5 hand axe (weapon)
 b - the +2 hunting sling of Pestilence {venom, rC- rN+ MR+++ Str+4}
   (You found it on level 4 of the Dungeon)

   It poisons the ammo it fires.
   It affects your strength (+4).
   It makes you vulnerable to cold.
   It protects you from negative energy.
   It affects your resistance to hostile enchantments.
 i - a +0 war axe
 r - a +0 mace
Missiles
 h - 28 sling bullets (quivered)
 p - 239 stones
 q - 10 boomerangs
 s - 3 throwing nets
 N - 8 atropa-tipped darts
 O - 35 poisoned darts
Armour
 g - a +2 hat (worn)
 w - a +0 pair of boots (worn)
 y - a +0 cloak (worn)
 A - a +0 buckler (worn)
 Q - a +3 chain mail (worn)
Jewellery
 j - an uncursed ring of protection from cold {unknown}
 J - a ring of see invisible (right hand)
 R - a cursed ring of resist corrosion (left hand)
 S - an uncursed ring of protection from fire
Wands
 l - a wand of polymorph (8)
 D - a wand of flame (43)
 H - a wand of digging (4)
 P - a wand of iceblast (11)
 T - a wand of random effects (24)
 U - a wand of paralysis (9)
Scrolls
 f - 7 scrolls of remove curse
 k - 3 scrolls of immolation
 o - 6 scrolls of enchant armour
 v - 6 scrolls of teleportation
 x - 5 scrolls of fear
 C - a scroll of amnesia
 E - a scroll of fog
 F - a scroll of noise
 G - 2 scrolls of identify
 I - a scroll of magic mapping
 L - a scroll of enchant weapon
 W - a scroll of random uselessness
Potions
 d - 3 potions of brilliance
 n - a potion of magic
 t - 3 potions of stabbing
 u - a potion of might
 z - a potion of lignification
 B - a potion of cancellation
 V - a potion of berserk rage
Comestibles
 c - 15 rations


   Skills:
 + Level 13.1 Fighting
 - Level 14.0 Axes
 + Level 9.9 Armour
 - Level 1.5 Dodging
 - Level 1.5 Stealth
 - Level 4.0 Shields
 - Level 1.5 Spellcasting
 - Level 1.0 Conjurations
 - Level 2.4 Air Magic
 - Level 6.0 Invocations


You had 13 spell levels left.
You knew the following spells:

 Your Spells              Type           Power        Failure   Level  Hunger
a - Shock                 Conj/Air       #...         77%         1    ##.....

Your spell library contained the following spells:

 Spells                   Type           Power        Failure   Level  Hunger
 Swiftness                Chrm/Air       #.......     93%         2    ###....
 Static Discharge         Conj/Air       #.......     98%         3    ####...
 Airstrike                Air            #.........   100%        4    #####..
 Lightning Bolt           Conj/Air       #.........   100%        5    ######.


Dungeon Overview and Level Annotations

Branches:
Dungeon (12/15)            Temple (0/1) D:7            Lair (1/6) D:8
    Orc (2/2) D:10        Gauntlet (1/1)
    Elf: Orc:2

Altars:
Ashenzari
Cheibriados
Dithmenos
Elyvilon
Gozag
Kikubaaqudgha
Makhleb
Okawaru
Qazlal
Sif Muna
Trog
Wu Jian
Xom
Zin
The Shining One

Shops:
D:5 **=?   D:7 [   D:9 ?

Annotations:
Gauntlet 8 transporters, 13 runed translucent doors


Message History

Unknown command.
Unknown command.
Evoke which item? (* to show all) (? for menu, Esc to quit)
Aiming: Polymorph
Press: ? - help, Shift-Dir - straight line, f - death drake
Aim: a death drake shaped shifter (lightly wounded, catching its breath, will change shape)
The death drake changes into a glowing shapeshifter!
You are engulfed in dark miasma.
You are lethally poisoned!
You feel your flesh rotting away!
* * * LOW HITPOINT WARNING * * *
x2 You feel very sick.
The glowing shapeshifter changes into a torpor snail!
Unknown command.
Unknown command.
Unknown command.
You are confused.
You feel invigorated.
You are engulfed in dark miasma.
You are more poisoned.
You feel your flesh rotting away!
You die...

.
..#...#..######%#.∩.≈#
####...#.......[$#...##
.....###########...≈#
...................##
....8.....8.....8.##
###...............≈#
..#...#########...##
≈.#...#....w..#...§#
.≈#####=.#○#@.#...##
.≈#...#!.#.#..#...§#
≈.#©8©#©.#©#..#©8.##
..#...#!.#.#..#...≈#
^.#####..#†#..#...##
...#.......#...≈#
...#########...## ..
...........≈# .
....8.....8§##


You could see a torpor snail shaped shifter.

Vanquished Creatures
  An anaconda (shapeshifter) (Gauntlet)
  A tengu warrior (D:10)
  Pikel (D:5)
  A faun (shapeshifter) (Gauntlet)
  A cyclops (D:11)
  An elephant (shapeshifter) (Gauntlet)
  A black mamba (Lair:1)
  A spiny frog (Lair:1)
  3 trolls
  2 hippogriffs
  4 yaks (D:9)
  A wyvern (D:9)
  3 hungry ghosts (D:10)
  Sigmund (D:6)
  A basilisk (Lair:1)
  Edmund (D:6)
  The ghost of Kold the Insei, an amateur OpTm (D:3)
  2 water moccasins
  2 porcupines (D:8)
  4 sky beasts
  An orc warrior (D:8)
  Duvessa (D:6)
  A slave (D:6)
  4 ice beasts
  2 phantoms
  4 black bears
  An eye of draining (D:4)
  A hornet zombie (D:5)
  2 necrophages
  8 ogres
  4 centaurs
  9 bullfrogs
  Dowan (D:6)
  3 scorpions (D:7)
  4 wights (D:10)
  16 killer bees
  4 howler monkeys
  2 bullfrog zombies (D:5)
  A centaur zombie (D:6)
  8 crimson imps
  2 hounds
  A jelly (D:6)
  A centaur skeleton (D:8)
  Crazy Yiuf (D:2)
  A bullfrog skeleton (D:12)
  An orc priest (D:9)
  7 orc wizards
  Ijyb (D:3)
  5 iguanas
  2 worker ants
  A killer bee zombie (D:7)
  4 ogre zombies (D:10)
  2 hound skeletons
  13 gnolls
  A howler monkey skeleton (D:9)
  17 adders
  A shadow imp (D:5)
  An adder skeleton (D:7)
  A worm (D:3)
  A dart slug (D:2)
  3 leopard geckos
  30 orcs
  6 giant cockroaches
  9 goblins
  9 hobgoblins
  13 jackals
  6 kobolds
  4 quokkas
  A ball python (D:5)
  2 bats (D:1)
  6 frilled lizards
  A giant cockroach zombie (D:3)
  2 goblin skeletons (D:10)
  3 goblin zombies (D:10)
  A hobgoblin skeleton (D:10)
  2 hobgoblin zombies (D:10)
  A jackal skeleton (D:8)
  An orc skeleton (D:10)
  6 orc zombies (D:10)
  A quokka skeleton (D:4)
  A quokka zombie (D:8)
  6 rats
  A fungus (D:8)
289 creatures vanquished.

Vanquished Creatures (collateral kills)
  An unseen horror (D:11)
  A deep elf mage (D:12)
  An orc sorcerer (Orc:1)
  A cyclops (D:12)
  A kobold demonologist (D:12)
  A hornet (D:10)
  A hungry ghost (D:10)
  The ghost of bli the Cutter, an amateur HaMo (D:4)
  An acid dragon (D:12)
  2 water moccasins
  A phantom (D:12)
  2 orc warriors (Orc:1)
  2 ogres (Orc:1)
  A crocodile (D:12)
  2 bullfrog zombies
  An orc priest (Orc:1)
  3 orc wizards
  A worker ant (D:4)
  Terence (D:3)
  2 ogre zombies (D:10)
  A leopard gecko (D:4)
  3 orcs
  4 orc zombies (D:10)
35 creatures vanquished.

Vanquished Creatures (others)
  An orc sorcerer (D:12)
  2 orc warriors
  A slave (D:6)
  3 orc priests
  A bullfrog skeleton (D:6)
  2 orc wizards (Orc:1)
  13 orcs
  A fungus (D:8)
24 creatures vanquished.

Grand Total: 348 creatures vanquished

Notes
Turn   | Place    | Note
-------+----------+-------------------------------------------
     0 | D:1      | MisterFreud the Hill Orc Air Elementalist began the quest
                  | for the Orb.
     0 | D:1      | Reached XP level 1. HP: 14/14 MP: 3/3
   201 | D:1      | Reached skill level 1 in Fighting
   692 | D:1      | Reached XP level 2. HP: 24/24 MP: 2/4
  1446 | D:3      | Reached XP level 3. HP: 26/31 MP: 0/5
  1951 | D:2      | Found a runed translucent door.
  1952 | D:2      | Noticed Crazy Yiuf
  2036 | D:2      | Reached XP level 4. HP: 27/40 MP: 2/6
  2488 | D:3      | Found a shadowy altar of Dithmenos.
  2704 | D:3      | Noticed Terence
  2808 | D:3      | Noticed Ijyb
  2845 | D:3      | Killed Ijyb
  2845 | D:3      | Reached skill level 1 in Axes
  3314 | D:3      | Reached skill level 5 in Fighting
  3424 | D:3      | Reached XP level 5. HP: 48/48 MP: 4/7
  3426 | D:3      | Found a bloodstained altar of Trog.
  3441 | D:3      | Reached skill level 2 in Axes
  3668 | D:3      | Found a runed translucent gate.
  3668 | D:3      | Noticed Kold's ghost (amateur OpTm)
  3669 | D:3      | Found a runed translucent gate.
  3670 | D:3      | Found a runed translucent gate.
  3723 | D:3      | Found an opulent altar of Gozag.
  3723 | D:3      | Found a glowing silver altar of Zin.
  4194 | D:3      | Reached skill level 3 in Axes
  4745 | D:4      | Reached skill level 4 in Axes
  4969 | D:4      | Found an ornate altar of the Wu Jian Council.
  5061 | D:4      | Became a worshipper of Beogh the Brigand
  5075 | D:4      | Noticed a phantom
  5147 | D:4      | Killed a phantom
  5147 | D:4      | Reached skill level 5 in Axes
  5147 | D:4      | Reached XP level 6. HP: 53/56 MP: 1/8
  5216 | D:4      | Noticed an eye of draining
  5255 | D:4      | Killed an eye of draining
  5255 | D:4      | Reached skill level 6 in Axes
  5428 | D:4      | Found a burning altar of Makhleb.
  5453 | D:4      | Found a runed translucent gate.
  5454 | D:4      | Found a runed translucent gate.
  5454 | D:4      | Found a runed translucent gate.
  5454 | D:4      | Noticed bli's ghost (amateur HaMo)
  5741 | D:4      | Reached skill level 7 in Axes
  5828 | D:4      | Found an ancient bone altar of Kikubaaqudgha.
  5849 | D:4      | Reached XP level 7. HP: 61/61 MP: 6/9
  5939 | D:4      | Got a brightly glowing hunting sling
  6285 | D:4      | Identified the +2 hunting sling of Pestilence {venom, rC-
                  | rN+ MR+++ Str+4} (You found it on level 4 of the Dungeon)
  6291 | D:5      | Entered Level 5 of the Dungeon
  6303 | D:5      | Reached skill level 8 in Axes
  6493 | D:5      | Reached skill level 1 in Armour
  6524 | D:5      | Found Niat's General Store.
  6536 | D:5      | Bought a potion of heal wounds for 75 gold pieces
  6536 | D:5      | Bought a +0 buckler for 67 gold pieces
  6641 | D:5      | Reached skill level 1 in Shields
  6749 | D:5      | Found a bloodstained altar of Trog.
  6895 | D:5      | Found Ledyfawn's Jewellery Shoppe.
  6896 | D:5      | Found Ohuluene's Magic Scroll Shop.
  6905 | D:5      | Bought a scroll of fear for 49 gold pieces
  6905 | D:5      | Bought a scroll of fear for 49 gold pieces
  6944 | D:5      | Reached XP level 8. HP: 38/68 MP: 10/10
  7172 | D:5      | Reached skill level 9 in Axes
  7226 | D:5      | Found an iron altar of Okawaru.
  7227 | D:5      | Found a shimmering altar of Xom.
  7440 | D:5      | Found Azxoy's Assorted Antiques.
  7448 | D:5      | Bought a black potion for 19 gold pieces
  7471 | D:5      | Reached * piety under Beogh
  7983 | D:6      | Noticed Duvessa
  7983 | D:6      | Noticed Dowan
  7997 | D:6      | Killed Duvessa
  7997 | D:6      | Reached skill level 10 in Axes
  8002 | D:6      | Killed Dowan
  8002 | D:6      | Reached skill level 5 in Armour
  8097 | D:6      | Noticed Pikel
  8269 | D:5      | Killed Pikel
  8269 | D:5      | Reached skill level 11 in Axes
  8269 | D:5      | Reached XP level 9. HP: 42/74 MP: 11/11
  8474 | D:6      | Found a stormy altar of Qazlal.
  8539 | D:6      | Found a glowing golden altar of the Shining One.
  8544 | D:6      | Noticed Edmund
  8578 | D:6      | Killed Edmund
  8578 | D:6      | Reached skill level 12 in Axes
  8731 | D:6      | Noticed Sigmund
  8790 | D:6      | Killed Sigmund
  9190 | D:6      | Found a white marble altar of Elyvilon.
  9725 | D:7      | Reached ** piety under Beogh
 10033 | D:7      | Reached skill level 1 in Invocations
 10530 | D:7      | Reached skill level 13 in Axes
 10533 | D:7      | Reached XP level 10. HP: 58/86 MP: 12/12
 11006 | D:7      | Found a snail-covered altar of Cheibriados.
 11007 | D:7      | Found Cheibriados's Comfort Zone.
 11064 | D:7      | Found a staircase to the Ecumenical Temple.
 11166 | D:8      | Noticed a two-headed ogre
 12163 | D:8      | Reached skill level 5 in Invocations
 12327 | D:8      | Found an ancient bone altar of Kikubaaqudgha.
 12595 | D:8      | Reached *** piety under Beogh
 12670 | D:8      | Found a shattered altar of Ashenzari.
 12755 | D:8      | Found a staircase to the Lair.
 13487 | D:9      | Reached skill level 14 in Axes
 13950 | D:9      | Found Qebrau's Magic Scroll Emporium.
 13954 | D:9      | Bought a scroll of blinking for 112 gold pieces
 13954 | D:9      | Bought a scroll of fear for 52 gold pieces
 13954 | D:9      | Bought a scroll of teleportation for 45 gold pieces
 14107 | D:9      | Reached skill level 10 in Fighting
 14187 | D:9      | Reached XP level 11. HP: 87/100 MP: 15/15
 14487 | D:10     | Entered Level 10 of the Dungeon
 14612 | D:10     | Found a staircase to the Orcish Mines.
 14679 | D:10     | Gained Rocco as an ally
 14681 | D:10     | Your ally Rocco died
 14683 | D:10     | Reached **** piety under Beogh
 14707 | Orc:1    | Entered Level 1 of the Orcish Mines
 14751 | Orc:1    | Noticed an orc sorcerer
 14758 | Orc:1    | Killed an orc sorcerer
 15057 | Orc:2    | Entered Level 2 of the Orcish Mines
 16046 | D:10     | Noticed a tengu warrior
 16070 | D:10     | Killed a tengu warrior
 16611 | D:11     | Noticed an unseen horror
 16622 | D:11     | Killed an unseen horror
 17012 | D:11     | Noticed a cyclops
 17025 | D:11     | Killed a cyclops
 17292 | D:12     | Found a shimmering blue altar of Sif Muna.
 17294 | D:12     | Noticed a cyclops
 17303 | D:12     | Killed a cyclops
 17393 | D:12     | Noticed a manticore
 17409 | D:12     | Noticed a deep elf mage
 17418 | D:12     | Killed a deep elf mage
 17418 | D:12     | Gained Borgk as an ally
 17981 | D:2      | Killed Crazy Yiuf
 18067 | D:3      | Killed Kold's ghost
 18104 | D:3      | Killed Terence
 18172 | D:4      | Killed bli's ghost
 18304 | Lair:1   | Entered Level 1 of the Lair of Beasts
 18361 | Lair:1   | Found a gate leading to a gauntlet.
 18372 | Lair:1   | Reached XP level 12. HP: 57/113 MP: 16/16
 18375 | Gauntlet | Entered a Gauntlet
 18375 | Gauntlet | Found a transporter.
 18375 | Gauntlet | Noticed a ghost crab
 18405 | Gauntlet | Found a transporter.
 18410 | Gauntlet | Found a transporter.
 18411 | Gauntlet | Found a transporter.
 18414 | Gauntlet | Found a transporter.
 18415 | Gauntlet | Found a transporter.
 18416 | Gauntlet | Found a large runed translucent door.
 18417 | Gauntlet | Found a large runed translucent door.
 18418 | Gauntlet | Found a large runed translucent door.
 18418 | Gauntlet | Found a large runed translucent door.
 18418 | Gauntlet | Found a runed translucent door.
 18419 | Gauntlet | Found a runed translucent door.
 18420 | Gauntlet | Found a large runed translucent door.
 18421 | Gauntlet | Found a large runed translucent door.
 18421 | Gauntlet | Found a large runed translucent door.
 18421 | Gauntlet | Found a large runed translucent door.
 18422 | Gauntlet | Found a large runed translucent door.
 18423 | Gauntlet | Found a large runed translucent door.
 18427 | Gauntlet | Found a large runed translucent door.
 18456 | Gauntlet | Found a transporter.
 18462 | Gauntlet | Found a transporter.
 18463 | Gauntlet | Found a transporter.
 18498 | Gauntlet | Noticed a reaper
 18520 | Gauntlet | Noticed a shock serpent
 18520 | Gauntlet | an elephant changed into a shock serpent
 18522 | Gauntlet | Noticed an ice dragon
 18522 | Gauntlet | a snapping turtle changed into an ice dragon
 18530 | Gauntlet | Noticed an entropy weaver
 18530 | Gauntlet | an ice dragon changed into an entropy weaver
 18530 | Gauntlet | a shock serpent changed into a faun
 18555 | Gauntlet | Noticed an entropy weaver
 18555 | Gauntlet | a merfolk changed into an entropy weaver
 18556 | Gauntlet | Noticed a satyr
 18556 | Gauntlet | an entropy weaver changed into a satyr
 18561 | Gauntlet | a satyr changed into a tyrant leech
 18563 | Gauntlet | Noticed a four-headed hydra
 18563 | Gauntlet | a tyrant leech changed into a four-headed hydra
 18571 | Gauntlet | Noticed a spark wasp
 18571 | Gauntlet | an entropy weaver changed into a spark wasp
 18572 | Gauntlet | Noticed an emperor scorpion
 18572 | Gauntlet | a four-headed hydra changed into an emperor scorpion
 18573 | Gauntlet | Noticed a ghost moth
 18573 | Gauntlet | an emperor scorpion changed into a ghost moth
 18574 | Gauntlet | Noticed a satyr
 18574 | Gauntlet | a ghost moth changed into a satyr
 18578 | Gauntlet | Noticed a spark wasp
 18578 | Gauntlet | a satyr changed into a spark wasp
 18579 | Gauntlet | Noticed a satyr
 18579 | Gauntlet | a spark wasp changed into a satyr
 18582 | Gauntlet | a satyr changed into a glowing shapeshifter
 18584 | Gauntlet | Noticed a shock serpent
 18584 | Gauntlet | a sea snake changed into a shock serpent
 18600 | Gauntlet | a shock serpent changed into a faun
 18649 | Gauntlet | Noticed an anaconda
 18649 | Gauntlet | a spark wasp changed into an anaconda
 18658 | Gauntlet | Killed an anaconda
 18664 | Gauntlet | HP: 4/114 [poisoned by a glowing shapeshifter (dark
                  | miasma)]
 18665 | Gauntlet | Engulfed by a torpor snail (glowing shapeshifter)'s foul
                  | pestilence

Illustrated notes

Levels and vault maps discovered:
D:1:      shiori_arrival_maze, layout_loops_corners, minmay_misc_feat_ornament
D:2:      cheibrodos_old_hovel, layout_rooms, first_ration, serial_corexii_hall,
          corexii_hall_statues_x, chequers_hall_statues_wall_a, kennysheep_nub,
          kennysheep_generic_room_11, uniq_crazy_yiuf_cottage
D:3:      layout_basic, grunt_temple_overflow_gold_and_silver,
          nicolae_dithmenos_through_a_glass_darkly, ebering_ghost_rock_garden,
          trog_hazing_becter, uniq_ijyb, uniq_terence
D:4:      layout_loops_ring, old_standard_altar, kiku_gazebo_pond_becter,
          lemuel_coloured_pillars_altar, gammafunk_ghost_split
D:5:      layout_basic, kennysheep_mini, gammafunk_temple_overflow_statue,
          serial_shops, shop, shop, shop, shop
D:6:      layout_loops_ring, tso_metal_star, lemuel_round_altar,
          elyvilon_altar_5, uniq_duvessa, uniq_pikel, uniq_edmund, uniq_sigmund
D:7:      layout_basic, lemuel_temple_firewalk_b, minmay_shop_chei,
          minmay_joined_circles
D:8:      layout_cave_pods, nicolae_overflow_hidden_temple,
          grunt_lair_entry_orc_guard_hut, basic_altar
D:9:      layout_roguey, serial_shops, shop
D:10:     layout_irregular_city, zombieorc1_lemuel, grunt_tengu_nest,
          st_stairs_8
D:11:     layout_cave_pods
D:12:     minmay_distorted_concentric_squares, layout_gridville, basic_altar,
          kennysheep_kite_vault
Lair:1:   layout_gridlike, gammafunk_ghost_icy, gauntlet_entry_generic,
          infiniplex_staircase_pool_2
Orc:1:    layout_diamond_mine
Orc:2:    st_orc_elflike, layout_diamond_mine, okawaru_metal_pillars_1_2
Gauntlet: minmay_gauntlet_mixed_oops_all_seconds
          [minmay_gauntlet_arena_77_chump_sandwich,
          gammafunk_gauntlet_arena_spirals, minmay_gauntlet_arena_77_mirror,
          nicolae_gauntlet_arena_flowing_pool,
          minmay_gauntlet_arena_77_broken_ladder,
          minmay_gauntlet_arena_make_your_own_arena,
          nicolae_gauntlet_exit_dead_adventurers]

Skill      XL: |  1  2  3  4  5  6  7  8  9 10 11 12 |
---------------+-------------------------------------+-----
Fighting       | 1 3 4 5 7 10 12 13 | 13.1
Axes           | 1 5 7 8 11 13 14 | 14.0
Armour         | 2 5 9 |  9.9
Shields        | 2 4 |  4.0
Invocations    | 2 6 |  6.0
Dodging        | |  1.5
Stealth        | |  1.5
Spellcasting   | |  1.5
Conjurations   | |  1.0
Air Magic      | |  2.4

Action                   |  1- 3 |  4- 6 |  7- 9 | 10-12 || total
-------------------------+-------+-------+-------+-------++-------
Melee: Mace              |    37 |     1 |       |       ||    38
       Hand axe          |       |   164 |   354 |   708 ||  1226
 Fire: Hand crossbow     |    14 |    19 |       |       ||    33
       Hunting sling     |       |       |   145 |    60 ||   205
Throw: Stone             |     5 |     1 |       |       ||     6
 Cast: Shock             |    44 |   125 |       |       ||   169
Invok: Convert to Beogh  |       |     1 |       |       ||     1
       Recall Orcish Fol |       |       |       |     3 ||     3
       Smiting           |       |       |       |     2 ||     2
Evoke: Wand              |       |       |       |     4 ||     4
  Use: Scroll            |     4 |     2 |     5 |    10 ||    21
       Potion            |     1 |     3 |       |     8 ||    12
 Stab: Sleeping          |     1 |     1 |       |       ||     2
       Paralysed         |       |       |       |     9 ||     9
       Distracted        |       |       |       |     4 ||     4
  Eat: Chunk             |     4 |    17 |    15 |    13 ||    49
       Ration            |       |       |       |     7 ||     7
Armor: Robe              |     3 |       |       |       ||     3
       Leather armour    |    34 |    40 |     1 |       ||    75
       Skin              |       |    23 |       |       ||    23
       Chain mail        |       |       |   162 |   294 ||   456
Dodge: Dodged            |    74 |    97 |    84 |   168 ||   423
Block: Buckler           |       |       |    58 |   100 ||   158
